PIO (24 & UNDER)
SURREY SINNERS @ JASPER COUGARS
04/21/2023
 
TOP OF THE 1ST
Surrey Sinners batting - Pitching for Jasper Cougars : LHP Júlio Aguilar
Pitching: LHP Júlio Aguilar
Batting: RHB Miguel Palácios 0-0: Ground out 6-3 (Groundball, 6)
Batting: RHB Jesús Hernández 0-0: Ball
1-0: Ground out 5-3 (Groundball, 56)
Batting: RHB Júlio Figueroa 0-0: Ball
1-0: SINGLE (Groundball, 5D)
Batting: RHB Jesús Gonzáles 0-0: Called Strike
0-1: Called Strike
0-2: Strikes out swinging
Top of the 1st over - 0 run(s), 1 hit(s), 0 error(s), 1 left on base; Surrey 0 - Jasper 0
BOTTOM OF THE 1ST
Jasper Cougars batting - Pitching for Surrey Sinners : RHP Jeff Pike
Pitching: RHP Jeff Pike
Batting: RHB Dave Parker 0-0: Ball
1-0: Ground out 6-3 (Groundball, 6M)
Batting: LHB Jon Scott 0-0: Fly out, F8 (Flyball, 8LM)
Batting: RHB Earl Wiggins 0-0: Ball
1-0: Called Strike
1-1: Called Strike
1-2: Ball
2-2: Ball
3-2: Foul Ball, location: 2F
3-2: Foul Ball, location: 2F
3-2: Base on Balls
Batting: RHB Jesús Hernández 0-0: Called Strike
0-1: Called Strike
0-2: Ball
1-2: Ball
2-2: Ball
3-2: Fly out, F6 (Line Drive, 6)
Bottom of the 1st over - 0 run(s), 0 hit(s), 0 error(s), 1 left on base; Surrey 0 - Jasper 0
TOP OF THE 2ND
Surrey Sinners batting - Pitching for Jasper Cougars : LHP Júlio Aguilar
Batting: RHB Héctor Berrios 0-0: SINGLE (Line Drive, 8LS)
Batting: LHB Larry Howard 0-0: Ball
1-0: Called Strike
Héctor Berrios steals 2nd base
1-1: Called Strike
1-2: Foul Ball, location: 2F
1-2: Ball
2-2: Ball
3-2: Base on Balls
Batting: SHB Lawrence Steward 0-0: Ball
1-0: Called Strike
1-1: Foul Ball, location: 2F
1-2: Grounds into double play, 4-6-3 (Groundball, 4)
Héctor Berrios to third
Batting: RHB Víctor Arredondo 0-0: Called Strike
0-1: Foul Ball, location: 2F
0-2: Fly out, F7 (Flyball, 78M)
Top of the 2nd over - 0 run(s), 1 hit(s), 0 error(s), 1 left on base; Surrey 0 - Jasper 0
BOTTOM OF THE 2ND
Jasper Cougars batting - Pitching for Surrey Sinners : RHP Jeff Pike
Batting: SHB Ron Edwards 0-0: Ball
1-0: Foul Ball, location: 2F
1-1: Foul Ball, location: 2F
1-2: Ball
2-2: Ball
3-2: DOUBLE (Flyball, 89XD)
Batting: RHB Dan Hooper 0-0: DOUBLE (Line Drive, 89M)
Ron Edwards scores
Batting: LHB Pepe Vázquez 0-0: Ball
1-0: Ball
2-0: Ball
3-0: Called Strike
3-1: SINGLE (Flyball, 7LS)
Dan Hooper to third
Runner from 3rd tries for Home, SAFE, throw made home
Pepe Vázquez to second
Batting: RHB Juan Carlos 0-0: Ball
1-0: Called Strike
1-1: Ball
2-1: Ground out 5-3 (Groundball, 5)
Batting: RHB Greg King 0-0: Ball
1-0: Called Strike
1-1: Foul Ball, location: 2F
1-2: Fly out, F5 (Popup, 5SF)
Batting: RHB Dave Parker 0-0: Fly out, F3 (Popup, 3F)
Bottom of the 2nd over - 2 run(s), 3 hit(s), 0 error(s), 1 left on base; Surrey 0 - Jasper 2
TOP OF THE 3RD
Surrey Sinners batting - Pitching for Jasper Cougars : LHP Júlio Aguilar
Batting: LHB Nick English 0-0: Called Strike
0-1: Foul Ball, location: 2F
0-2: Ball
1-2: Ball
2-2: Ground out U3 (Groundball, 3)
Batting: RHB Miguel Palácios 0-0: Ball
1-0: Swinging Strike
1-1: Ball
2-1: Ball
3-1: Called Strike
3-2: Foul Ball, location: 2F
3-2: Base on Balls
Batting: RHB Jesús Hernández 0-0: Ball
1-0: Ball
2-0: Ball
3-0: Base on Balls
Miguel Palácios to second
Batting: RHB Júlio Figueroa 0-0: Ball
1-0: Called Strike
1-1: Called Strike
Miguel Palácios steals 3rd base
Jesús Hernández to second
1-2: Foul Ball, location: 2F
1-2: 3-RUN HOME RUN (Flyball, 7D), Distance : 348 ft
Batting: RHB Jesús Gonzáles 0-0: Ground out U3 (Groundball, 3)
Batting: RHB Héctor Berrios 0-0: Ball
1-0: Swinging Strike
1-1: Called Strike
1-2: SINGLE (Line Drive, 6D)
Batting: LHB Larry Howard 0-0: Ground out U3 (Groundball, 3)
Top of the 3rd over - 3 run(s), 2 hit(s), 0 error(s), 1 left on base; Surrey 3 - Jasper 2
BOTTOM OF THE 3RD
Jasper Cougars batting - Pitching for Surrey Sinners : RHP Jeff Pike
Batting: LHB Jon Scott 0-0: Ball
1-0: Ball
2-0: Foul Ball, location: 2F
2-1: Foul Ball, location: 2F
2-2: Ground out U3 (Groundball, 3L)
Batting: RHB Earl Wiggins 0-0: Called Strike
0-1: Swinging Strike
0-2: Foul Ball, location: 2F
0-2: Ball
1-2: Strikes out looking
Batting: RHB Jesús Hernández 0-0: Ball
1-0: Ball
2-0: Ground out 2-3 (Groundball, 2L)
Bottom of the 3rd over - 0 run(s), 0 hit(s), 0 error(s), 0 left on base; Surrey 3 - Jasper 2
TOP OF THE 4TH
Surrey Sinners batting - Pitching for Jasper Cougars : LHP Júlio Aguilar
Batting: SHB Lawrence Steward 0-0: Reached on error, E6 (Groundball, 6M)
Batting: RHB Víctor Arredondo 0-0: DOUBLE (Groundball, 5L)
Lawrence Steward scores
Batting: LHB Nick English 0-0: Ground out 4-3 (Groundball, 34)
Víctor Arredondo to third
Batting: RHB Miguel Palácios 0-0: Ball
1-0: SINGLE (Line Drive, 4D)
Víctor Arredondo scores
Batting: RHB Jesús Hernández 0-0: Called Strike
0-1: Ball
1-1: SINGLE (Line Drive, 6MD)
Miguel Palácios to second
Batting: RHB Júlio Figueroa 0-0: Ball
1-0: Ball
2-0: Ball
Miguel Palácios is caught stealing 3rd base
Jesús Hernández to second
3-0: SINGLE (Groundball, 6MD)
Jesús Hernández to third
Runner from 3rd tries for Home, SAFE, no throw or cutoff
Batting: RHB Jesús Gonzáles 0-0: Ball
1-0: Called Strike
1-1: Ball
2-1: Fielders Choice at 2nd, 6-4 (Groundball, 6)
Top of the 4th over - 3 run(s), 4 hit(s), 1 error(s), 0 left on base; Surrey 6 - Jasper 2
BOTTOM OF THE 4TH
Jasper Cougars batting - Pitching for Surrey Sinners : RHP Jeff Pike
Batting: SHB Ron Edwards 0-0: Ball
1-0: Called Strike
1-1: Ball
2-1: Ball
3-1: Base on Balls
Batting: RHB Dan Hooper 0-0: Fly out, F3 (Popup, 3F)
Batting: LHB Pepe Vázquez 0-0: Called Strike
0-1: Ball
1-1: Fly out, F8 (Flyball, 8RM)
Batting: RHB Juan Carlos 0-0: Ball
1-0: Ball
2-0: Fly out, F8 (Flyball, 8RM)
Bottom of the 4th over - 0 run(s), 0 hit(s), 0 error(s), 1 left on base; Surrey 6 - Jasper 2
TOP OF THE 5TH
Surrey Sinners batting - Pitching for Jasper Cougars : LHP Júlio Aguilar
Batting: RHB Héctor Berrios 0-0: Ground out 5-3 (Groundball, 56S)
Batting: LHB Larry Howard 0-0: Swinging Strike
0-1: SINGLE (Groundball, 4M)
Batting: SHB Lawrence Steward 0-0: Ball
1-0: Called Strike
Throwing error on steal attempt, E2
Larry Howard to third
1-1: Called Strike
Steal of home, Larry Howard is out
1-2: Strikes out swinging
Top of the 5th over - 0 run(s), 1 hit(s), 1 error(s), 0 left on base; Surrey 6 - Jasper 2
BOTTOM OF THE 5TH
Jasper Cougars batting - Pitching for Surrey Sinners : RHP Jeff Pike
Batting: RHB Greg King 0-0: Fly out, F8 (Line Drive, 8LD)
Batting: RHB Dave Parker 0-0: Ball
1-0: Ball
2-0: Ball
3-0: Called Strike
3-1: Ground out 1-3 (Groundball, 15)
Batting: LHB Jon Scott 0-0: Ball
1-0: Ball
2-0: Ball
3-0: Fly out, F8 (Flyball, 8RM)
Bottom of the 5th over - 0 run(s), 0 hit(s), 0 error(s), 0 left on base; Surrey 6 - Jasper 2
TOP OF THE 6TH
Surrey Sinners batting - Pitching for Jasper Cougars : LHP Júlio Aguilar
Batting: RHB Víctor Arredondo 0-0: Ball
1-0: Called Strike
1-1: Foul Ball, location: 2F
1-2: Ball
2-2: Strikes out looking
Batting: LHB Nick English 0-0: Ball
1-0: Ground out 3-1 (Groundball, 34)
Batting: RHB Miguel Palácios 0-0: Ground out 5-3 (Groundball, 56S)
Top of the 6th over - 0 run(s), 0 hit(s), 0 error(s), 0 left on base; Surrey 6 - Jasper 2
BOTTOM OF THE 6TH
Jasper Cougars batting - Pitching for Surrey Sinners : RHP Jeff Pike
Batting: RHB Earl Wiggins 0-0: Fly out, F5 (Line Drive, 56)
Batting: RHB Jesús Hernández 0-0: Ball
1-0: Ball
2-0: Ball
3-0: Base on Balls
Batting: SHB Ron Edwards 0-0: Swinging Strike
0-1: Foul Ball, location: 2F
0-2: Foul Ball, location: 2F
0-2: Ball
1-2: Ball
2-2: DOUBLE (Flyball, 78S)
Jesús Hernández to third
Batting: RHB Dan Hooper 0-0: Ball
1-0: Foul Ball, location: 2F
1-1: Ball
2-1: Swinging Strike
2-2: Foul Ball, location: 2F
2-2: Foul Ball, location: 2F
2-2: Strikes out looking
Pitching: LHP Luis Perea
Batting: LHB Pepe Vázquez 0-0: Foul Ball, location: 2F
0-1: Ground out 4-3 (Groundball, 4)
Bottom of the 6th over - 0 run(s), 1 hit(s), 0 error(s), 2 left on base; Surrey 6 - Jasper 2
TOP OF THE 7TH
Surrey Sinners batting - Pitching for Jasper Cougars : LHP Júlio Aguilar
Batting: RHB Jesús Hernández 0-0: Ball
1-0: DOUBLE (Line Drive, 5L)
Batting: RHB Júlio Figueroa 0-0: Intentional Walk
Pitching: RHP Steve Snyder
Batting: RHB Jesús Gonzáles 0-0: Called Strike
0-1: Swinging Strike
0-2: Ball
1-2: Fly out, F9 (Popup, 4D)
Batting: RHB Héctor Berrios 0-0: Swinging Strike
0-1: Ball
1-1: Foul Ball, location: 2F
1-2: Foul Ball, location: 2F
1-2: Strikes out swinging
Batting: LHB Larry Howard 0-0: Ball
1-0: Ball
2-0: Called Strike
2-1: TRIPLE (Flyball, 8RXD)
Jesús Hernández scores
Júlio Figueroa scores
Batting: SHB Lawrence Steward 0-0: Ball
1-0: Swinging Strike
1-1: Ball
2-1: Swinging Strike
2-2: Foul Ball, location: 2F
2-2: Ball
3-2: Foul Ball, location: 2F
3-2: SINGLE (Groundball, 3D)
Larry Howard scores
Batting: RHB Víctor Arredondo 0-0: Ball
1-0: Ball
2-0: Ball
3-0: Called Strike
3-1: Called Strike
3-2: Strikes out looking
Top of the 7th over - 3 run(s), 3 hit(s), 0 error(s), 1 left on base; Surrey 9 - Jasper 2
BOTTOM OF THE 7TH
Jasper Cougars batting - Pitching for Surrey Sinners : LHP Luis Perea
Batting: RHB Juan Carlos 0-0: Foul Ball, location: 2F
0-1: Ball
1-1: Foul Ball, location: 2F
1-2: Ball
2-2: Strikes out swinging
Batting: RHB Greg King 0-0: Foul Ball, location: 2F
0-1: Foul Ball, location: 2F
0-2: Ball
1-2: Strikes out swinging
Batting: RHB Dave Parker 0-0: Swinging Strike
0-1: Hit by Pitch
Batting: LHB Jon Scott 0-0: Ball
1-0: Called Strike
1-1: Called Strike
1-2: Strikes out swinging
Bottom of the 7th over - 0 run(s), 0 hit(s), 0 error(s), 1 left on base; Surrey 9 - Jasper 2
TOP OF THE 8TH
Surrey Sinners batting - Pitching for Jasper Cougars : RHP Steve Snyder
Batting: LHB Nick English 0-0: Ball
1-0: SINGLE (Line Drive, 9S)
Batting: RHB Miguel Palácios 0-0: Ball
1-0: Ball
2-0: Bunted foul
2-1: Sac Bunt - play at first, batter OUT! 1-4
Nick English to second
Batting: RHB Jesús Hernández 0-0: Called Strike
0-1: Ball
1-1: Ball
2-1: Foul Ball, location: 2F
2-2: Ball
3-2: SINGLE (Groundball, 6MD)
Nick English to third
Runner from 3rd tries for Home, SAFE, no throw or cutoff
Batting: RHB Júlio Figueroa 0-0: Ball
1-0: Called Strike
1-1: SINGLE (Groundball, 56)
Jesús Hernández to second
Batting: RHB Jesús Gonzáles 0-0: Called Strike
0-1: Ball
1-1: Ball
2-1: Foul Ball, location: 2F
2-2: Strikes out swinging
Batting: RHB Héctor Berrios 0-0: Called Strike
0-1: Fly out, F9 (Flyball, 89M)
Top of the 8th over - 1 run(s), 3 hit(s), 0 error(s), 2 left on base; Surrey 10 - Jasper 2
BOTTOM OF THE 8TH
Jasper Cougars batting - Pitching for Surrey Sinners : LHP Luis Perea
Now at C: Bill Little
Batting: RHB Earl Wiggins 0-0: Ball
1-0: Foul Ball, location: 2F
1-1: Fly out, F5 (Popup, 15)
Batting: RHB Jesús Hernández 0-0: Called Strike
0-1: Foul Ball, location: 2F
0-2: Foul Ball, location: 2F
0-2: Strikes out swinging
Batting: SHB Ron Edwards 0-0: DOUBLE (Line Drive, 9LS)
Batting: RHB Dan Hooper 0-0: Ball
1-0: Fly out, F6 (Popup, 7LS)
Bottom of the 8th over - 0 run(s), 1 hit(s), 0 error(s), 1 left on base; Surrey 10 - Jasper 2
TOP OF THE 9TH
Surrey Sinners batting - Pitching for Jasper Cougars : RHP Steve Snyder
Pitching: RHP Ignacio Beltrán
Batting: LHB Larry Howard 0-0: Ball
1-0: DOUBLE (Flyball, 8RXD)
Batting: SHB Lawrence Steward 0-0: Swinging Strike
0-1: Foul Ball, location: 2F
0-2: Foul Ball, location: 2F
0-2: Strikes out swinging
Batting: RHB Víctor Arredondo 0-0: Ball
1-0: Called Strike
1-1: Foul Ball, location: 2F
1-2: Foul Ball, location: 2F
1-2: DOUBLE (Line Drive, 8LXD)
Larry Howard scores
Batting: LHB Nick English 0-0: Ball
1-0: Ground out 4-3 (Groundball, 4)
Víctor Arredondo to third
Batting: RHB Miguel Palácios 0-0: Called Strike
0-1: Fly out, F5 (Line Drive, 56)
Top of the 9th over - 1 run(s), 2 hit(s), 0 error(s), 1 left on base; Surrey 11 - Jasper 2
BOTTOM OF THE 9TH
Jasper Cougars batting - Pitching for Surrey Sinners : LHP Luis Perea
Now in RF: Edmund Ross
Batting: LHB Pepe Vázquez 0-0: Swinging Strike
0-1: Swinging Strike
0-2: Ball
1-2: Ball
2-2: Foul Ball, location: 2F
2-2: Foul Ball, location: 2F
2-2: Fly out, F5 (Popup, 25F)
Batting: RHB Juan Carlos 0-0: Called Strike
0-1: Bunt for hit - play at first, batter OUT! 5-3
Batting: RHB Greg King 0-0: Called Strike
0-1: Ball
1-1: Swinging Strike
1-2: Strikes out swinging
Bottom of the 9th over - 0 run(s), 0 hit(s), 0 error(s), 0 left on base; Surrey 11 - Jasper 2
This league is powered by Out of the Park Baseball, the baseball management simulation game for PC, Mac and Linux
Wednesday, December 2nd, 2015 - OOTP Baseball 16.8 Build 38